 Dungeon Crawl Stone Soup version 0.25.0-11-g1f837a76a1 (webtiles) character file.

Game seed: 1540824335012162340

290 Delamore the Cudgeler (level 6, 0/40 HPs)
             Began as a Gargoyle Fighter on June 24, 2020.
             Was a Follower of Okawaru.
             Slain by a bullfrog (4 damage)
             ... on level 4 of the Dungeon.
             The game lasted 00:04:05 (3065 turns).

Delamore the Cudgeler (Gargoyle Fighter)            Turns: 3065, Time: 00:04:06

Health: 0/40       AC: 14    Str: 21    XL:     6   Next: 32%
Magic:  6/6        EV:  7    Int:  9    God:    Okawaru [*.....]
Gold:   189        SH:  9    Dex: 15    Spells: 5/5 levels left

rFire    . . .     SeeInvis .   a - +0 flail
rCold    + . .     Gourm    .   c - +0 kite shield
rNeg     + . .     Faith    .   b - +0 scale mail
rPois    ∞         Spirit   .   (helmet restricted)
rElec    +         Reflect  .   e - +1 cloak
rCorr    .         Harm     .   g - +0 pair of gloves
MR       .....                  (no boots)
Stlth    ++........             (no amulet)
HPRegen  0.13/turn              i - ring of protection from cold
MPRegen  0.10/turn              w - +6 ring of dexterity

@: mighty, flying
A: horns 1, camouflage 1, negative energy resistance 1, electricity resistance,
unbreathing, petrification resistance, rot immunity, sturdy frame 1, AC +4
a: Heroism, Renounce Religion


You were on level 4 of the Dungeon.
You worshipped Okawaru.
Okawaru was aware of your devotion.
You were hungry.

You visited 1 branch of the dungeon, and saw 4 of its levels.

You collected 189 gold pieces.

Inventory:

Hand Weapons
 a - a +0 flail (weapon)
Armour
 b - a +0 scale mail (worn)
 c - a +0 kite shield (worn)
 e - a +1 cloak (worn)
 g - a +0 pair of gloves (worn)
 s - a +0 helmet
Jewellery
 i - a ring of protection from cold (left hand)
 w - a +6 ring of dexterity (right hand)
Wands
 r - a wand of disintegration (21)
Scrolls
 h - 3 scrolls of teleportation {unknown}
 j - 3 scrolls of amnesia {unknown}
 k - a scroll of fear {unknown}
 l - a scroll of blinking {unknown}
 m - 2 scrolls of remove curse {unknown}
 o - 3 scrolls of identify {unknown}
 q - a scroll of immolation {unknown}
 v - 2 scrolls of magic mapping {unknown}
 x - a scroll of fog {unknown}
 y - a scroll of enchant weapon {unknown}
Potions
 n - a potion of flight
 t - a potion of curing
Comestibles
 f - 8 rations


   Skills:
 + Level 4.8 Fighting
 + Level 5.6 Maces & Flails
 - Level 3.2 Armour
 - Level 3.2 Shields


You had 5 spell levels left.
You didn't know any spells.
Your spell library was empty.

Dungeon Overview and Level Annotations

Branches:
Dungeon (4/15)
 Temple: D:4-7

Altars:
Fedhas
Okawaru

Shops:
D:4 **


Innate Abilities, Weirdness & Mutations

You are resistant to torment.
Your stone body is resilient. (AC +4)
You are immune to poison.
You resist negative energy. (rN+)
You are resistant to electric shocks. (rElec)
You can survive without breathing.
You are immune to petrification.
You are immune to rotting.
You have a pair of small horns on your head.
Your skin changes colour to match your surroundings (Stealth+).
Your movements are slightly less encumbered by armour. (ER -2)


Message History

You kill the orc wizard!
Okawaru accepts your kill.
You can now gain great but temporary skills.
The bullfrog hits you.
* * * LOW HITPOINT WARNING * * *
You block the jackal's attack.
The bullfrog hits you but does no damage.
The jackal closely misses you.
You barely miss the jackal. Your headbutt misses the jackal.
The bullfrog hits you but does no damage.
You block the jackal's attack. The bullfrog hits you.
* * * LOW HITPOINT WARNING * * *
The jackal bites you but does no damage.
Things that are here:
a +0 dagger; a +0 robe; an orc corpse You thump the jackal!
You kill the jackal!
Okawaru accepts your kill. The bullfrog hits you.
You die...

§..O........###..............
..§.#.......# ######o........
..###....##.# ##..)wa.......
..#.#....##..###....sa..###..
........###...#.....#........
#...######.......#.O#.......
###.†.g####....####w#........
####w.........##aa.........
##.#........@Fso##....##.
#.o##.......###.....∩..
#...#....... ####.....
#S.###...... ....
#...##...... ##. #.o###......
...###.# #...... #...).#
#...... ##..).#


You could see a bullfrog, a worm, 2 worker ants, an orc and a giant cockroach.

Vanquished Creatures
  A hound (D:4)
  3 orc wizards
  3 adders
  6 gnolls
  A worm (D:2)
  2 dart slugs
  4 leopard geckos (D:2)
  7 orcs (D:3)
  12 bats
  2 giant cockroaches
  7 goblins
  6 hobgoblins
  6 jackals
  10 kobolds
  A quokka (D:2)
  A frilled lizard (D:2)
  4 rats
76 creatures vanquished.

Notes
Turn   | Place    | Note
-------+----------+-------------------------------------------
     0 | D:1      | Delamore the Gargoyle Fighter began the quest for the Orb.
     0 | D:1      | Reached XP level 1. HP: 14/14 MP: 1/1
   183 | D:1      | Reached XP level 2. HP: 18/19 MP: 2/2
   263 | D:1      | Reached skill level 3 in Maces & Flails
   579 | D:1      | Reached XP level 3. HP: 23/23 MP: 3/3
  1010 | D:2      | Reached skill level 4 in Maces & Flails
  1216 | D:2      | Found an iron altar of Okawaru.
  1230 | D:2      | Became a worshipper of Warmaster Okawaru
  1257 | D:2      | Reached XP level 4. HP: 23/28 MP: 4/4
  1935 | D:3      | Found a faded altar of an unknown god.
  2069 | D:3      | Found a blossoming altar of Fedhas.
  2143 | D:3      | Reached XP level 5. HP: 8/32 MP: 5/5
  2413 | D:3      | Reached skill level 5 in Maces & Flails
  2988 | D:4      | Noticed an ogre
  2996 | D:4      | Reached XP level 6. HP: 28/39 MP: 6/6
  3044 | D:4      | Found Ladwapev's Assorted Antiques.
  3049 | D:4      | Found Wysuhyih's Assorted Antiques.
  3059 | D:4      | Gained mutation: Your skin changes colour to match your
                  | surroundings (Stealth+). [potion of mutation]
  3059 | D:4      | Gained mutation: You have a pair of small horns on your
                  | head. [potion of mutation]
  3059 | D:4      | Gained mutation: Your movements are slightly less
                  | encumbered by armour. (ER -2) [potion of mutation]
  3062 | D:4      | Reached * piety under Okawaru
  3065 | D:4      | Slain by a bullfrog

Illustrated notes

Levels and vault maps discovered:
D:1:      eino_arrival_tree_alley, layout_loops_ring,
          minmay_misc_feat_nine_boxes, minmay_misc_feat_five
D:2:      layout_loops_cross, okawaru_gym_becter
D:3:      layout_loops_ring, chequers_ecumenical_altar_simple,
          fedhas_ov_isle_minmay, uniq_crazy_yiuf_cottage
D:4:      layout_cave_pools, grunt_temple_overflow_open, serial_shops,
          nicolae_shop_overgrown_old_shop, shop, nicolae_shop_waterfront,
          shop_fountains, shop, first_ration

Skill      XL: |  1  2  3  4  5 |
---------------+----------------+-----
Maces & Flails | 3 4 5 |  5.6
Fighting       | 4 |  4.8
Armour         | |  3.2
Shields        | |  3.2

Action                   |  1- 3 |  4- 6 || total
-------------------------+-------+-------++-------
Melee: Flail             |   153 |   175 ||   328
       Headbutt          |       |     1 ||     1
  Use: Potion            |       |     3 ||     3
  Eat: Chunk             |     1 |     6 ||     7
Armor: Scale mail        |    95 |   155 ||   250
Dodge: Dodged            |    75 |    64 ||   139
Block: Kite shield       |   102 |   128 ||   230
